 Dungeon Crawl Stone Soup version bcrawl-1.39.1 (webtiles) character file.

Game seed: 1498903801186919361

14910873 Grijm the Evocator (level 27, 246/246 HPs)
             Began as a Green Draconian Fighter on Sept 14, 2023.
             Was the Champion of Okawaru.
             Escaped with the Orb
             ... and 3 runes on Sept 15, 2023!
             The game lasted 05:06:46 (65617 turns).

Grijm the Evocator (Green Draconian Fighter)       Turns: 65617, Time: 05:06:47

Health: 246/246    AC: 17    Str: 27    XL:     27
Magic:  38/38      EV: 11    Int: 10    God:    Okawaru [******]
Gold:   463        SH: 36    Dex: 10    Spells: 26/26 levels left

rFire    + + +     GDR:     22% s - +9 fustibalus (freeze)
rCold    + . .     SeeInvis +   m - +8 large shield
rNeg     . . .     Gourm    .   (armour unavailable)
rPois    +         Faith    .   U - +1 hat {SInv}
rElec    +         Spirit   .   d - +0 cloak of Shielding {MR+}
rCorr    .         Reflect  +   j - +0 pair of hand wraps "Fists of Thunder" {elec, rElec Slay+2}
MR       ++++.                  y - +0 pair of boots of Curen {+Inv rF++ Regen+ Stlth+}
Stlth    +.........             x - +5 amulet of reflection
HPRegen  0.91/turn              o - ring of protection from magic
MPRegen  0.26/turn              C - ring "Noosaerph" {Wiz rF+ Dex-2 Slay+2 Stlth+}

@: studying Summonings
A: breathe noxious fumes, unfitting armour, antennae 1, stinger 1, cold
resistance 1, poison resistance, [inhibited regeneration], [weak 1], no potion
heal 1, cold-blooded, AC +13
0: Orb of Zot
}: 3/15 runes: serpentine, barnacled, slimy
a: Breathe Noxious Fumes, Heroism, Finesse, Renounce Religion, Evoke
Invisibility


You escaped.
You worshipped Okawaru.
Okawaru was exalted by your worship.
You were very full.

You visited 12 branches of the dungeon, and saw 48 of its levels.
You visited 1 bazaar.
You also visited: Volcano.

You collected 5321 gold pieces.
You spent 4858 gold pieces at shops.

Inventory:

Hand Weapons
 a - a +3 scimitar of electrocution
 s - a +9 fustibalus of freezing (weapon)
Missiles
 g - 2868 sling bullets (quivered)
 R - 11 throwing nets {=f}
Armour
 d - the +0 cloak of Shielding (worn) {MR+}
   (Okawaru gifted it to you on level 3 of the Depths)

   It affects your resistance to hostile enchantments.
 j - the +0 pair of hand wraps "Fists of Thunder" (worn) {elec, rElec Slay+2}
   (Okawaru gifted it to you on level 12 of the Dungeon)

   It affects your accuracy and damage with ranged weapons and melee attacks
   (+2).
   It insulates you from electricity.
 m - a +8 large shield (worn)
 y - the +0 pair of boots of Curen (worn) {+Inv rF++ Regen+ Stlth+}
   (You found it on level 4 of the Dungeon)

   It greatly protects you from fire.
   It lets you turn invisible.
   It increases your rate of regeneration.
   It makes you more stealthy.
 P - the +0 hat "Jeleppyo" {-Cast rPois rCorr Dex+2}
   (Okawaru gifted it to you on level 5 of the Realm of Zot)

   It affects your dexterity (+2).
   It protects you from poison.
   It prevents spellcasting.
   It provides partial protection from all sources of acid and corrosion.
 T - the +2 cloak of Qekal {*Corrode Str+5 Slay+2 Stlth+}
   (Okawaru gifted it to you on level 5 of the Realm of Zot)

   It affects your strength (+5).
   It affects your accuracy and damage with ranged weapons and melee attacks
   (+2).
   It may corrode you when you take damage.
   It makes you more stealthy.
 U - a +1 hat of see invisible (worn)
Jewellery
 o - a ring of protection from magic (left hand)
 x - a +5 amulet of reflection (around neck)
 C - the ring "Noosaerph" (right hand) {Wiz rF+ Dex-2 Slay+2 Stlth+}
   (You acquired it on level 2 of the Vaults)

   [ring of wizardry]

   It improves your spell success rate.
   It affects your dexterity (-2).
   It affects your accuracy and damage with ranged weapons and melee attacks
   (+2).
   It protects you from fire.
   It makes you more stealthy.
 D - an uncursed ring of ice
 J - an uncursed ring of positive energy
 Y - an uncursed ring of resist corrosion
Wands
 p - a wand of digging (13)
 q - a wand of scattershot (2)
 G - a wand of acid (2)
 X - a wand of iceblast (25)
Scrolls
 l - 3 scrolls of vulnerability
 t - 4 scrolls of blinking
 w - 11 scrolls of teleportation
 B - 2 scrolls of revelation
 K - 6 scrolls of fog
 L - 5 scrolls of immolation
 Q - 4 scrolls of summoning
 W - 3 scrolls of fear
Potions
 b - 5 potions of curing
 c - 2 potions of cancellation
 f - 3 potions of brilliance
 r - 9 potions of flight
 z - 7 potions of heal wounds
 A - 2 potions of ambrosia
 E - 6 potions of mutation
 F - 4 potions of might
 H - 6 potions of magic
 I - 4 potions of haste
 M - 3 potions of invisibility
 N - 5 potions of agility
 O - 3 potions of lignification
 S - 3 potions of resistance
Miscellaneous
 h - a phantom mirror
 i - 2 boxes of beasts
 k - a fan of gales (1/2)
 n - a phial of floods (inert)
 u - a lightning rod (4/4)
 v - a lamp of fire
 Z - a sack of spiders
Comestibles
 e - 12 rations {!d}


   Skills:
 - Level 20.0 Fighting
 - Level 14.0 Long Blades
 + Level 22.5 Slings
 - Level 2.0(15.5) Throwing
 - Level 10.0 Dodging
 - Level 1.0 Stealth
 - Level 20.0 Shields
 - Level 15.0 Invocations
 - Level 23.0 Evocations


You had 26 spell levels left.
You didn't know any spells.
Your spell library contained the following spells:

 Spells                   Type           Power        Failure   Level  Hunger
 Throw Frost              Conj/Ice       #.....       93%         2    ####...
 Apportation              Tloc           #.....       94%         1    None
 Blink Other              Tloc           #.....       94%         1    None
 Corona                   Hex            #......      94%         1    None
 Freeze                   Ice            #.....       94%         1    None
 Magic Dart               Conj           #...         94%         1    None
 Sandblast                Erth           #.....       94%         1    None
 Static Discharge         Air            #.....       94%         1    None
 Blink                    Tloc           N/A          98%         2    ####...
 Call Imp                 Summ           #.....       98%         2    ####...
 Corpse Rot               Necr           N/A          98%         2    ####...
 Passwall                 Tmut/Erth      #.......     98%         2    ####...
 Shackle                  Hex            #.......     98%         2    ####...
 Shock                    Conj/Air       #......      98%         2    ####...
 Sublimation of Blood     Necr           #.........   98%         2    ####...
 Swiftness                Chrm/Air       #.......     98%         2    ####...
 Beckoning                Tloc           #.........   100%        3    #####..
 Call Canine Familiar     Summ           #.......     100%        3    #####..
 Conjure Flame            Conj/Fire      #.......     100%        3    #####..
 False Image              Hex/Summ       #.......     100%        3    #####..
 Ignite Poison            Fire/Tmut/Pois #.......     100%        3    #####..
 Inner Flame              Hex/Fire       N/A          100%        3    #####..
 Mephitic Cloud           Conj/Pois/Air  #.......     100%        3    #####..
 Ozocubu's Armour         Chrm/Ice       #.......     100%        3    #####..
 Portal Projectile        Tloc           #.....       100%        3    #####..
 Spider Form              Tmut/Pois      #..          100%        3    #####..
 Stone Arrow              Conj/Erth      #.....       100%        3    #####..
 Teleport Other           Tloc           #.......     100%        3    #####..
 Agony                    Necr           #.......     100%        4    ######.
 Cause Fear               Hex            #.........   100%        4    ######.
 Force Lance              Tloc           #.......     100%        4    ######.
 Ice Form                 Ice/Tmut       #.......     100%        4    ######.
 Lightning Bolt           Conj/Air       #.......     100%        4    ######.
 Petrify                  Tmut/Erth      #.........   100%        4    ######.
 Sticky Flame             Conj/Fire      #.......     100%        4    ######.
 Summon Ice Beast         Ice/Summ       #.......     100%        4    ######.
 Throw Icicle             Conj/Ice       #.......     100%        4    ######.
 Yara's Violent Unravell  Hex/Tmut       #.........   100%        4    ######.
 Bolt of Draining         Conj/Necr      #.........   100%        5    #######
 Bolt of Magma            Conj/Fire/Erth #.........   100%        5    #######
 Fireball                 Conj/Fire      #.........   100%        5    #######
 Lee's Rapid Deconstruct  Erth           #.........   100%        5    #######
 Metabolic Englaciation   Hex/Ice        #.........   100%        5    #######
 Piercing Shot            Chrm           #.........   100%        5    #######
 Steam Barrier            Chrm/Fire      #.........   100%        5    #######
 Summon Lightning Spire   Summ/Air       #.......     100%        5    #######
 Summon Mana Viper        Hex/Summ       #.......     100%        5    #######
 Aura of Abjuration       Summ           #.........   100%        6    #######
 Bolt of Fire             Conj/Fire      #.........   100%        6    #######
 Borgnjor's Vile Clutch   Necr/Erth      #.........   100%        6    #######
 Conjure Ball Lightning   Conj/Air       #.........   100%        6    #######
 Death Channel            Chrm/Necr      #.........   100%        6    #######
 Dispersal                Tloc           #.........   100%        6    #######
 Infestation              Hex/Tmut/Pois  #........    100%        6    #######
 Ozocubu's Refrigeration  Ice            #.........   100%        6    #######
 Simulacrum               Ice/Necr       #.......     100%        6    #######
 Summon Hydra             Summ           #.........   100%        6    #######
 Virulence                Hex/Pois       #.......     100%        6    #######
 Controlled Blink         Tloc           #.......     100%        7    #######
 Discord                  Hex            #.........   100%        7    #######
 Haunt                    Necr/Summ      #.........   100%        7    #######
 Malign Gateway           Summ/Tloc      #.........   100%        7    #######
 Mana Rupture             Conj/Hex       #.........   100%        7    #######
 Monstrous Menagerie      Summ           #.........   100%        7    #######
 Spellforged Servitor     Conj/Summ      #.........   100%        7    #######
 Summon Greater Demon     Summ           #.........   100%        7    #######
 Chain Lightning          Conj/Air       #.........   100%        8    #######
 Ignition                 Fire           #.........   100%        8    #######
 Summon Horrible Things   Summ           #.........   100%        8    #######
 Passage of Golubria      Tloc           Unusable     N/A         5    N/A

Dungeon Overview and Level Annotations

Branches:
Dungeon (12/12)            Temple (1/1) D:5            Lair (6/6) D:9
 Shoals (3/3) Lair:2        Snake (3/3) Lair:2        Slime (5/5) Orc
    Orc (1/1) D:10         Vaults (2/3) D:11         Forest (3/3) Lair:5
  Crypt (2/2) Vaults:2       Tomb (0/3) Crypt:2      Depths (5/5) D:12
    Zot (5/5) Depths:5

Altars:
Ashenzari
Cheibriados
Dithmenos
Elyvilon
Fedhas
Gozag
Hepliaklqana
Kikubaaqudgha
Lugonu
Makhleb
Nemelex Xobeh
Okawaru
Qazlal
Ru
Sif Muna
Trog
Uskayaw
Vehumet
Wu Jian
Xom
Yredelemnul
Zin
The Shining One
Jiyva

Shops:
D:4 ((**=   D:5 *   D:10 [   D:12 }   Orc [*?(:   Shoals:3 *   Snake:1 :*:}
Vaults:1 (   Vaults:2 %   Depths:1 !   Depths:3 *}}=

Portals:
Hell: Depths:1 Depths:2 Depths:3 Depths:4 Depths:5
Abyss: Depths:4
Pandemonium: Depths:3
Ziggurat: Depths:4

Annotations:
D:4 2 runed doors
D:7 exclusion: door
D:8 exclusion: hydra
Lair:1 Harold
Shoals:1 3 runed translucent doors, exclusion: 3 doors, archon2's ghost, adept VSFE
Crypt:2 1 runed translucent door, kuniqs's ghost, adept DsCj


Innate Abilities, Weirdness & Mutations

You can breathe blasts of noxious fumes.
Your lurid green scales are hard. (AC +13)
You cannot fit into any form of body armour.
Your tail ends in a poisonous barb.
Your system is resistant to poisons. (rPois)
You are cold-blooded and may be slowed by cold attacks.
You have a pair of small antennae on your head.
Your flesh is cold resistant. (rC+)
Potions are less effective at restoring your health.
[You do not regenerate when monsters are visible.]
[You are weak. (Str -2)]


Message History

You climb upwards.
There is a stone staircase leading down here.
There is a stone staircase leading up here.
You climb upwards.
There is a stone staircase leading down here.
An Orb Guardian comes into view.
The Orb Guardian gazes at you. The bolt of lightning misses you.
The Orb Guardian gazes at you. You resist with almost no effort.
There is an escape hatch in the ceiling here.
A mysterious force pulls you upwards. The hatch slams shut behind you.
(D) Dungeon (T) Temple (L) Lair (A) Shoals (P) Snake Pit (M) Slime Pits (O) Orcish Mines (V) Vaults (F) Spriggan Forest (C) Crypt (W) Tomb (U) Depths (H) Hell (Z) Zot
Where to? (Enter - D:1 @ (x,y), ? - help)
There is a staircase leading out of the dungeon here.
The power of the Orb breaks the dimensional shunt like a soap bubble!
You have escaped!

########### #...# #.#. #...###.#.
##### ####.......#. ###...###
#.##>......#. #.......## #####
#.##.......#.
.........######...###............
....⌠......##.......####...###.##
.........##..........# #.........
#.......####....@....# #.#####.##
###...### #.........# #.#...#.#
..####.### ##.......## #.#...#.#
.#####...######...### #.###.#.#
..##.......######### ###.###.#.#
..#................###.....#.#.#
..#....⌠....##...##..#####.#.#.#
..#.........###.##...# #.#.#.##
..##.......##....#...# #.#.#.#.


There were no monsters in sight!

Vanquished Creatures
  the Royal Jelly (Slime:5)
  A juggernaut (Vaults:2)
  8 orbs of fire (Zot:5)
  2 ancient liches (Zot:5)
  Xtahua (Crypt:2)
  4 golden dragons
  Boris (Depths:5)
  4 Killer Klowns
  3 curse toes
  Frederick (Crypt:2)
  4 caustic shrikes
  Nikola (Snake:1)
  5 rockslimes
  An electric golem (Zot:5)
  25 Orb Guardians
  6 liches
  2 tentacled monstrosities
  2 titans
  A quicksilver dragon (Zot:5)
  15 wendigos
  21 acid blobs
  A kraken (Shoals:3)
  4 sphinxes
  6 ancient champions
  A death cob (Zot:5)
  4 thorn hunters
  2 tengu reavers
  Agnes (Forest:3)
  Donald (Crypt:1)
  Ilsuiw (Shoals:2)
  A revenant (Crypt:1)
  3 ghouls
  5 storm dragons
  4 greenwood witches
  10 azure jellies
  3 shadow dragons
  4 draconian monks
  13 nagarajas
  2 apis
  A daeva (Depths:4)
  5 fire giants
  13 frost giants
  A deep elf sorcerer (Depths:5)
  2 orc warlords
  5 draconian knights
  2 draconian shifters (Zot:5)
  2 ghost moths (Zot:5)
  12 stone giants
  6 vault wardens
  4 draconian annihilators
  2 ironheart preservers (Vaults:1)
  2 iron dragons (Depths:4)
  A stone giant (shapeshifter) (Depths:3)
  A curse skull (Crypt:1)
  2 angels (Depths:4)
  11 spriggan defenders
  2 elemental wellsprings (Forest:3)
  An eye of devastation (Zot:4)
  16 very ugly things
  5 vampire knights
  A deep elf demonologist (Depths:3)
  20 dire elephants
  2 green draconians
  7 red draconians
  3 black draconians (Zot:5)
  4 yellow draconians
  3 white draconians
  2 purple draconians
  5 eidola (Crypt:2)
  8 spark wasps
  2 deep elf death magi (Depths:5)
  9 ettins
  3 merfolk javelineers
  11 fire dragons
  10 merfolk impalers
  6 yaktaur captains
  10 ice dragons
  2 rakshasas
  5 hydras
  A hell beast (Depths:3)
  19 spriggan air magi
  4 catoblepae
  5 merfolk avatars
  12 naga warriors
  A shambling mangrove (Forest:2)
  A shadow wraith (Vaults:2)
  10 great orbs of eyes
  20 two-headed ogres
  15 anacondas
  3 merfolk aquamancers (Shoals:3)
  3 death knights
  31 death yaks
  A dancing weapon (Vaults:2)
  2 tengu warriors
  5 death oozes (Slime:5)
  A death yak (shapeshifter) (Depths:2)
  6 satyrs
  4 ancient automatons
  5 vampire magi
  11 naga sharpshooters
  A titan zombie (Depths:2)
  7 deep troll shamans
  5 ogre magi
  2 deep troll earth magi
  6 ironheart beastmasters
  An orc high priest (Orc)
  26 sea snakes
  9 shock serpents
  14 deep trolls
  Nergalle (Lair:3)
  15 spriggan berserkers
  2 deep elf knights (Depths:5)
  3 iron trolls
  A soul eater (Crypt:2)
  A fire crab (D:11)
  10 centaur warriors
  A goliath frog (Lair:6)
  An unseen horror (D:12)
  2 salamander mystics
  A shadow demon (Zot:5)
  16 skeletal warriors
  2 naga ritualists
  4 spriggan druids
  A gelid demonspawn (Zot:2)
  3 flayed ghosts
  A golden dragon skeleton (Crypt:1)
  14 wizards
  An orange crystal statue (Depths:1)
  2 deep elf archers
  3 orc knights (Orc)
  An anaconda zombie (Crypt:2)
  3 wolf spider zombies
  3 glowing orange brains
  7 necromancers
  3 deep elf magi
  Pikel (D:7)
  A harpy (shapeshifter) (D:12)
  2 lindwurms
  7 cyclopes
  21 harpies
  6 orc sorcerers
  A wolf spider (D:12)
  5 ironheart convokers
  5 mana vipers
  7 phantasmal warriors
  6 shining eyes
  7 oklob plants
  39 ugly things
  10 manticores
  11 salamanders
  7 moths of wrath
  A salamander (shapeshifter) (Vaults:2)
  10 fauns
  16 elephants
  A frost giant zombie (Crypt:1)
  10 guardian serpents
  2 stone giant skeletons
  13 water nymphs
  4 will-o'-wisps (Forest:2)
  23 black mambas
  A dire elephant zombie (Crypt:1)
  6 merfolk sirens
  5 vault sentinels
  An orange demon (Zot:3)
  A gargoyle (Volcano)
  An elephant slug zombie (Crypt:2)
  9 cane toads
  A smoke demon (Depths:3)
  12 naga magi
  A kobold demonologist (D:10)
  A rime drake (shapeshifter) (Depths:4)
  36 yaktaurs
  2 rime drakes
  3 flying skulls
  An efreet (Volcano)
  10 komodo dragons
  8 freezing wraiths
  A tengu conjurer (Vaults:2)
  A hellwing (Depths:3)
  An ice devil (Depths:3)
  A red devil (Depths:3)
  A meliai (shapeshifter) (D:12)
  A polar bear (shapeshifter) (D:12)
  2 trolls (shapeshifter)
  6 trolls
  2 wind drakes (Shoals:3)
  20 blink frogs
  37 merfolk
  A polar bear (Vaults:2)
  2 hydra skeletons (Crypt:1)
  19 hornets
  Grinder (D:4)
  A meliai zombie (D:7)
  151 slime creatures
  A stone giant simulacrum (Crypt:1)
  15 hippogriffs
  A spriggan zombie (Depths:2)
  An iron dragon simulacrum (Depths:2)
  2 bog bodies
  10 dream sheep (Lair:6)
  4 snapping turtles (Shoals:3)
  A human simulacrum (Vaults:2)
  A guardian serpent skeleton (Crypt:1)
  A frost giant simulacrum (Vaults:1)
  Sigmund (D:2)
  A spriggan skeleton (Depths:2)
  4 shadows
  18 spriggans
  2 ynoxinuls
  3 basilisks
  30 water elementals
  12 wraiths
  17 humans (D:11)
  84 yaks
  A golden eye (shapeshifter) (Vaults:1)
  12 golden eyes
  A wyvern (D:11)
  A fire elemental (Volcano)
  A vampire mosquito (D:11)
  2 hungry ghosts
  A neqoxec (D:7)
  A gelid demonspawn zombie (Crypt:1)
  A warg (shapeshifter) (D:12)
  18 crocodiles
  48 nagas
  2 wargs
  18 water moccasins
  11 porcupines
  A floating eye (shapeshifter) (Depths:3)
  3 floating eyes
  2 ice beasts
  3 sky beasts
  3 slaves (D:7)
  A hornet zombie (D:10)
  30 orc warriors
  8 black bears
  3 phantoms
  3 wolves (Lair:1)
  4 necrophages
  16 ogres
  5 boggarts
  2 kobold brigands (D:9)
  A komodo dragon zombie (Crypt:1)
  11 bullfrogs
  A gnoll sergeant (Orc)
  8 centaurs
  An earth elemental (Volcano)
  A wyvern skeleton (Crypt:1)
  A yaktaur skeleton (Crypt:2)
  4 scorpions
  14 killer bees
  A troll skeleton (D:12)
  12 wights
  4 howler monkeys
  9 electric eels
  15 orc priests
  A bullfrog zombie (D:5)
  9 crimson imps
  5 jellies
  3 quasits
  5 hounds
  3 human zombies (D:12)
  3 bullfrog skeletons
  3 iron imps
  A human skeleton (D:12)
  3 iguanas
  10 worker ants
  Natasha (thrice) (D:4)
  22 orc wizards
  An ogre skeleton (Crypt:1)
  A dwarf skeleton (Crypt:2)
  2 hound zombies
  A mummy (D:12)
  4 hound skeletons
  A howler monkey zombie (Crypt:1)
  6 gnolls
  2 howler monkey skeletons
  14 adders
  A white imp (Depths:3)
  3 ufetubi (Depths:3)
  An ooze (D:1)
  An adder zombie (D:6)
  7 worms
  A barachi skeleton (Crypt:2)
  7 dart slugs
  3 leopard geckos
  68 orcs
  3 ball pythons
  5 giant cockroaches
  10 goblins
  6 hobgoblins
  A jackal (shapeshifter) (Depths:3)
  11 jackals
  3 quokkas
  A ball python (shapeshifter) (Depths:1)
  7 bats
  2 frilled lizards
  14 kobolds
  An orc zombie (D:12)
  3 rats
  A fungus (Slime:1)
  12 plants
  A tentacle (Shoals:3)
2050 creatures vanquished.

Vanquished Creatures (collateral kills)
  An orb of fire (Zot:5)
  A Killer Klown (Zot:5)
  2 electric golems (Zot:5)
  An Orb Guardian (Zot:5)
  2 tentacled monstrosities
  A storm dragon (Zot:2)
  A draconian monk (Zot:2)
  A draconian stormcaller (Zot:5)
  A black draconian (Zot:2)
  A draconian scorcher (Zot:5)
  A white draconian (Zot:5)
  2 red draconians (Zot:2)
  A purple draconian (Zot:2)
  An ironheart convoker (Vaults:2)
  2 moths of wrath (Zot:2)
  A quokka skeleton (Crypt:2)
20 creatures vanquished.

Vanquished Creatures (others)
  An acid blob (Slime:5)
  10 azure jellies (Slime:5)
  2 frost giants
  A ghost moth (Zot:5)
  A draconian stormcaller (Zot:2)
  A very ugly thing (Depths:5)
  2 stone giants
  3 green draconians
  A white draconian (Zot:5)
  A deep elf death mage (Depths:5)
  A merfolk javelineer (Shoals:2)
  A deep elf high priest (Depths:5)
  A yaktaur captain (Vaults:1)
  A vault guard (D:11)
  7 death oozes (Slime:5)
  A tengu warrior (Vaults:2)
  3 naga sharpshooters (Snake:3)
  2 centaur warriors
  A deep elf archer (Vaults:1)
  A deep elf mage (Depths:5)
  2 ugly things
  A moth of wrath (Zot:5)
  2 fauns
  3 yaktaurs
  2 merfolk
  2 humans (D:11)
  3 centaurs
  2 orcs
  49 fungi
  63 plants
  17 tentacles (Shoals:3)
188 creatures vanquished.

Grand Total: 2258 creatures vanquished

Notes
Turn   | Place    | Note
-------+----------+-------------------------------------------
     0 | D:1      | Grijm the Draconian Fighter began the quest for the Orb.
     0 | D:1      | Reached XP level 1. HP: 19/19 MP: 1/1
   115 | D:1      | Reached skill level 1 in Stealth
   186 | D:1      | Reached XP level 2. HP: 26/26 MP: 2/2
   673 | D:1      | Reached XP level 3. HP: 30/31 MP: 3/3
  1222 | D:2      | Noticed Sigmund
  1557 | D:3      | Reached XP level 4. HP: 37/39 MP: 4/4
  2217 | D:3      | Reached XP level 5. HP: 33/46 MP: 5/5
  2560 | D:4      | Found Aqyet's Antique Weapon Shoppe.
  2618 | D:4      | Reached skill level 5 in Long Blades
  2804 | D:4      | Reached XP level 6. HP: 48/52 MP: 6/6
  2878 | D:4      | Found a large runed door.
  2879 | D:4      | Found a large runed door.
  3259 | D:4      | Found Roydung's Assorted Antiques.
  3272 | D:4      | Noticed Natasha
  3280 | D:4      | Killed Natasha
  3316 | D:4      | Noticed Grinder
  3349 | D:5      | Entered Level 5 of the Dungeon
  3380 | D:5      | Reached skill level 5 in Fighting
  3382 | D:5      | Your scales start taking on a lurid green colour.
  3382 | D:5      | Reached XP level 7. HP: 45/61 MP: 7/7
  3382 | D:5      | Gained mutation: Your system is resistant to poisons.
                  | (rPois) [Green Draconian growth]
  3686 | D:4      | Noticed Natasha
  3694 | D:4      | Killed Natasha
  3815 | D:2      | Killed Sigmund
  3816 | D:2      | Reached skill level 2 in Evocations
  4068 | D:2      | Found a faded altar of an unknown god.
  4314 | D:4      | Noticed Natasha
  4324 | D:4      | Killed Natasha
  4421 | D:5      | Reached XP level 8. HP: 68/68 MP: 9/9
  4431 | D:4      | Noticed a two-headed ogre
  4447 | D:4      | Found a large runed door.
  4447 | D:4      | Found a large runed door.
  4473 | D:4      | Killed a two-headed ogre
  4524 | D:4      | Paralysed by Grinder for 4 turns
  4529 | D:4      | Killed Grinder
  4680 | D:4      | Found Magakici's General Store.
  4685 | D:4      | Found Ynibbaif's Antique Weapon Boutique.
  4712 | D:4      | Bought a scroll of identify for 24 gold pieces
  4712 | D:4      | Bought a scroll of teleportation for 36 gold pieces
  4712 | D:4      | Bought a scroll of teleportation for 36 gold pieces
  4871 | D:4      | Reached XP level 9. HP: 57/74 MP: 10/10
  5027 | D:4      | Got a pair of fading boots
  5095 | D:4      | Found Noptuebb's Jewellery Emporium.
  5314 | D:5      | Found Awegiss's General Store.
  5322 | D:5      | Bought a potion of heal wounds for 75 gold pieces
  5322 | D:5      | Bought a potion of ambrosia for 60 gold pieces
  5466 | D:5      | Found a staircase to the Ecumenical Temple.
  5475 | Temple   | Entered the Ecumenical Temple
  5659 | Temple   | Became a worshipper of Warmaster Okawaru
  6013 | D:6      | Reached skill level 3 in Evocations
  6234 | D:6      | Reached * piety under Okawaru
  6245 | D:6      | Reached skill level 4 in Evocations
  6253 | D:6      | Noticed a troll
  6337 | D:6      | Killed a troll
  6338 | D:6      | Reached skill level 1 in Invocations
  6705 | D:6      | Reached skill level 10 in Long Blades
  6807 | D:6      | Identified the cursed +0 pair of boots of Curen {+Inv rF++
                  | Regen+ Stlth+} (You found it on level 4 of the Dungeon)
  6826 | D:6      | Got a scorched quarterstaff
  7131 | D:7      | Found a white marble altar of Elyvilon.
  7149 | D:7      | Reached skill level 1 in Throwing
  7149 | D:7      | Reached XP level 10. HP: 80/83 MP: 13/13
  7166 | D:7      | Reached ** piety under Okawaru
  7275 | D:7      | Noticed Pikel
  7288 | D:7      | Killed Pikel
  7753 | D:7      | Noticed a death knight
  8007 | D:8      | Noticed a two-headed ogre
  8044 | D:8      | Killed a two-headed ogre
  8117 | D:8      | Reached *** piety under Okawaru
  8388 | D:8      | Found an ornate altar of the Wu Jian Council.
  8388 | D:8      | Found a corrupted altar of Lugonu.
  8469 | D:8      | Noticed a white ugly thing
  8484 | D:8      | Killed a white ugly thing
  8484 | D:8      | Reached **** piety under Okawaru
  8718 | D:8      | Noticed a six-headed hydra
  8932 | D:9      | Reached XP level 11. HP: 94/94 MP: 14/14
  9063 | D:9      | Noticed a two-headed ogre
  9110 | D:9      | Killed a two-headed ogre
  9189 | D:9      | Reached ***** piety under Okawaru
  9308 | D:9      | Found a staircase to the Lair.
  9587 | D:9      | Reached skill level 10 in Fighting
  9836 | D:9      | Received a gift from Okawaru
  9838 | D:9      | Got a slimy buckler {god gift}
  9868 | D:9      | Identified the +0 buckler of the Rose {MR+ Dex+3} (Okawaru
                  | gifted it to you on level 9 of the Dungeon)
 10044 | Lair:1   | Entered Level 1 of the Lair of Beasts
 10239 | Lair:1   | Found a dark tunnel.
 10239 | Lair:1   | Noticed a lindwurm
 10242 | Lair:1   | Killed a lindwurm
 10248 | Volcano  | Entered a volcano
 10554 | Volcano  | Noticed a stone giant
 10557 | Volcano  | Killed a stone giant
 10558 | Volcano  | Reached XP level 12. HP: 67/106 MP: 14/16
 10903 | Lair:1   | Noticed Harold
 10965 | Lair:1   | Reached skill level 1 in Slings
 11532 | Lair:2   | Found a staircase to the Snake Pit.
 11776 | Lair:2   | Noticed a catoblepas
 11804 | Lair:2   | Killed a catoblepas
 11816 | Lair:2   | Reached skill level 5 in Slings
 12058 | Lair:2   | Reached ****** piety under Okawaru
 12081 | Lair:2   | Received a gift from Okawaru
 12240 | Lair:2   | Noticed a four-headed hydra
 12255 | Lair:2   | Killed a one-headed hydra
 12314 | Lair:2   | Found a staircase to the Shoals.
 12848 | Lair:2   | Reached XP level 13. HP: 72/113 MP: 19/19
 13047 | Lair:3   | Noticed Nergalle
 13159 | Lair:3   | Received a gift from Okawaru
 13900 | Lair:4   | Reached skill level 10 in Slings
 14294 | Lair:4   | Found an ornate altar of the Wu Jian Council.
 14768 | Lair:5   | Found a staircase to the Spriggan Forest.
 14926 | Lair:5   | Received a gift from Okawaru
 15181 | Lair:5   | Received a gift from Okawaru
 15767 | Lair:6   | Entered Level 6 of the Lair of Beasts
 15818 | Lair:6   | Gained mutation: Your tail ends in a poisonous barb. [Green
                  | Draconian growth]
 15818 | Lair:6   | Reached XP level 14. HP: 121/121 MP: 20/20
 16050 | Lair:6   | Received a gift from Okawaru
 17330 | D:10     | Entered Level 10 of the Dungeon
 17502 | D:10     | Found a shimmering altar of Xom.
 17538 | D:10     | Found Qaix's Armour Shoppe.
 17541 | D:10     | Found a staircase to the Orcish Mines.
 17593 | D:10     | Reached skill level 15 in Slings
 18072 | Orc      | Entered the Orcish Mines
 18274 | Orc      | Received a gift from Okawaru
 18291 | Orc      | Noticed an orc warlord
 18306 | Orc      | Killed an orc warlord
 18436 | Orc      | Found a roughly hewn altar of Beogh.
 18460 | Orc      | Found Rilim's General Store.
 18494 | Orc      | Found Felituum's Antique Armour Boutique.
 18503 | Orc      | Bought a pair of masterwork gloves for 161 gold pieces
 18513 | Orc      | Identified the +2 pair of gloves "Etine" {rN+++ MR- Int-4
                  | SInv} (You bought it in a shop in the Orcish Mines)
 18611 | Orc      | Found Avoreot's Antique Weapon Boutique.
 18644 | Orc      | Bought a scroll of enchant weapon for 120 gold pieces
 18710 | Orc      | Found Ymociemp's Magic Scroll Emporium.
 18727 | Orc      | Bought a scroll of fog for 24 gold pieces
 18727 | Orc      | Bought a scroll of vulnerability for 90 gold pieces
 18727 | Orc      | Bought a scroll of teleportation for 36 gold pieces
 18892 | Orc      | Reached XP level 15. HP: 126/126 MP: 21/21
 18927 | Orc      | Found a staircase to the Slime Pits.
 18927 | Orc      | Found a viscous altar of Jiyva.
 19086 | Orc      | Found Olaggaowk's Book Boutique.
 19304 | D:11     | Reached skill level 5 in Dodging
 19418 | D:11     | Received a gift from Okawaru
 19736 | D:11     | Found a gate to the Vaults.
 19876 | D:11     | Reached skill level 5 in Evocations
 19999 | D:11     | Noticed a fire giant
 20014 | D:11     | Killed a fire giant
 20508 | D:12     | Entered Level 12 of the Dungeon
 20520 | D:12     | Reached skill level 6 in Evocations
 20521 | D:12     | Found Nuzex's Gadget Boutique.
 20654 | D:12     | Found a basalt altar of Yredelemnul.
 20714 | D:12     | Received a gift from Okawaru
 20981 | D:12     | Received a gift from Okawaru
 20982 | D:12     | Found the +0 pair of hand wraps "Fists of Thunder" {elec,
                  | rElec Slay+2}
 21264 | D:12     | Reached skill level 7 in Evocations
 21479 | D:12     | Found a staircase to the Depths.
 21845 | Snake:1  | Entered Level 1 of the Snake Pit
 22046 | Snake:1  | Noticed Nikola
 22064 | Snake:1  | Killed Nikola
 22065 | Snake:1  | Reached XP level 16. HP: 97/139 MP: 22/22
 22275 | Snake:1  | Found Voexa's Gadget Shop.
 22279 | Snake:1  | Found Alinasmu's Book Shop.
 22279 | Snake:1  | Found Utits's General Store.
 22299 | Snake:1  | Found Xastruath's Book Boutique.
 22302 | Snake:1  | Bought a wand of scattershot (6) for 336 gold pieces
 22302 | Snake:1  | Bought a wand of acid (7) for 256 gold pieces
 22324 | Snake:1  | Bought a scroll of enchant weapon for 112 gold pieces
 22324 | Snake:1  | Bought a potion of haste for 150 gold pieces
 22388 | Snake:1  | Reached skill level 8 in Evocations
 22396 | Snake:1  | Received a gift from Okawaru
 23059 | Snake:2  | Received a gift from Okawaru
 23339 | Snake:2  | Identified a scroll of acquirement
 23340 | Snake:2  | Identified the amulet "Ficru" {Acrobat rElec Str-5 Dex+4
                  | SInv} (You acquired it on level 2 of the Snake Pit)
 23812 | Snake:3  | Entered Level 3 of the Snake Pit
 24163 | Snake:3  | Received a gift from Okawaru
 24444 | Snake:3  | Reached skill level 9 in Evocations
 24467 | Snake:3  | Received a gift from Okawaru
 24505 | Snake:3  | Identified a +2 pair of boots of running (Okawaru gifted it
                  | to you on level 3 of the Snake Pit)
 24592 | Snake:3  | Reached skill level 10 in Dodging
 24602 | Snake:3  | Reached XP level 17. HP: 151/151 MP: 24/24
 25089 | Snake:3  | Reached skill level 10 in Invocations
 25431 | Snake:3  | Reached skill level 10 in Evocations
 25562 | Snake:3  | Reached skill level 15 in Fighting
 26124 | Snake:3  | Received a gift from Okawaru
 26127 | Snake:3  | Got a scorched hunting sling {god gift}
 26128 | Snake:3  | Identified the +7 hunting sling of Xupurek {venom, rPois
                  | Str+3} (Okawaru gifted it to you on level 3 of the Snake
                  | Pit)
 26293 | Snake:3  | Reached skill level 10 in Shields
 26537 | Snake:3  | Got a serpentine rune of Zot
 26766 | Shoals:1 | Entered Level 1 of the Shoals
 26948 | Shoals:1 | Found a runed translucent gate.
 26949 | Shoals:1 | Found a runed translucent gate.
 26949 | Shoals:1 | Noticed archon2's ghost (adept VSFE)
 26951 | Shoals:1 | Found a runed translucent gate.
 26951 | Shoals:1 | Noticed archon2's ghost (adept VSFE)
 27719 | Shoals:2 | Received a gift from Okawaru
 27792 | Shoals:2 | Reached XP level 18. HP: 92/163 MP: 19/25
 27931 | Shoals:2 | Noticed Ilsuiw
 27942 | Shoals:2 | Killed Ilsuiw
 27945 | Shoals:2 | Received a gift from Okawaru
 28601 | Shoals:3 | Entered Level 3 of the Shoals
 28608 | Shoals:3 | Received a gift from Okawaru
 28696 | Shoals:3 | Received a gift from Okawaru
 28721 | Shoals:3 | Identified the +6 mace of Action {pain, rF+ Int+2 Stlth+}
 28773 | Shoals:3 | Found a flickering gateway to a bazaar.
 28864 | Bazaar   | Entered a bazaar
 28864 | Bazaar   | Found Avugoiq's Assorted Antiques.
 28864 | Bazaar   | Found Toamic's Antique Weapon Shoppe.
 28864 | Bazaar   | Found Hupemp's Gadget Shoppe.
 28864 | Bazaar   | Found Fayradwapt's Jewellery Emporium.
 28864 | Bazaar   | Found Huufith's Gadget Emporium.
 28864 | Bazaar   | Found Sirag's Book Shoppe.
 28892 | Bazaar   | Bought a potion of haste for 180 gold pieces
 28895 | Bazaar   | Bought a wand of charming (4) for 45 gold pieces
 28897 | Bazaar   | Bought a wand of acid (5) for 168 gold pieces
 28913 | Bazaar   | Bought a scroll of vulnerability for 135 gold pieces
 28913 | Bazaar   | Bought a scroll of vulnerability for 135 gold pieces
 28920 | Bazaar   | Bought a phantom mirror for 280 gold pieces
 28964 | Shoals:3 | Found Siapn's Assorted Antiques.
 29469 | Shoals:3 | Received a gift from Okawaru
 29745 | Shoals:3 | Received a gift from Okawaru
 29771 | Shoals:3 | Got a barnacled rune of Zot
 30792 | Vaults:1 | Entered Level 1 of the Vaults
 30802 | Vaults:1 | Reached skill level 15 in Shields
 30811 | Vaults:1 | Received a gift from Okawaru
 31217 | Vaults:1 | Received a gift from Okawaru
 31520 | Vaults:1 | Found Kiusig's Weapon Emporium.
 31690 | Vaults:1 | Reached XP level 19. HP: 79/170 MP: 26/26
 32107 | Vaults:1 | Reached skill level 11 in Evocations
 32437 | Vaults:1 | Identified the Collected Works on Stolen Souls and Stones
 32686 | Vaults:2 | Received a gift from Okawaru
 32921 | Vaults:2 | Found Cuukhuc's Food Shop.
 33102 | Vaults:2 | Reached skill level 12 in Evocations
 33456 | Vaults:2 | Reached skill level 13 in Evocations
 33746 | Vaults:2 | Identified the ring "Noosaerph" {Wiz rF+ Dex-2 Slay+2
                  | Stlth+} (You acquired it on level 2 of the Vaults)
 33888 | Vaults:2 | Noticed a juggernaut
 33912 | Vaults:2 | Killed a juggernaut
 33912 | Vaults:2 | Received a gift from Okawaru
 33913 | Vaults:2 | Reached skill level 14 in Evocations
 34088 | Vaults:2 | Reached XP level 20. HP: 119/178 MP: 22/30
 34141 | Vaults:2 | Reached skill level 15 in Evocations
 34486 | Vaults:2 | Received a gift from Okawaru
 34528 | Vaults:2 | Found a staircase to the Crypt.
 35104 | D:4      | Bought an uncursed ring of ice for 280 gold pieces
 35666 | Lair:3   | Killed Nergalle
 35759 | Forest:1 | Entered Level 1 of the Spriggan Forest
 35799 | Forest:1 | Received a gift from Okawaru
 36631 | Forest:1 | Received a gift from Okawaru
 39844 | Forest:3 | Entered Level 3 of the Spriggan Forest
 39997 | Forest:3 | Received a gift from Okawaru
 40102 | Forest:3 | Reached XP level 21. HP: 55/194 MP: 25/32
 40485 | Forest:3 | Identified the +8 hunting sling of the Hidden Dreams
                  | {venom, rN+ Str+2 Dex+3} (Okawaru gifted it to you on level
                  | 3 of the Spriggan Forest)
 40485 | Forest:3 | Received a gift from Okawaru
 41847 | Forest:3 | Received a gift from Okawaru
 42050 | Forest:3 | Received a gift from Okawaru
 42221 | Forest:3 | Noticed Agnes
 42236 | Forest:3 | Killed Agnes
 42251 | Forest:3 | Received a gift from Okawaru
 42272 | Forest:3 | Noticed a caustic shrike
 42284 | Forest:3 | Noticed a caustic shrike
 42288 | Forest:3 | Killed a caustic shrike
 42312 | Forest:3 | Killed a caustic shrike
 42431 | Forest:3 | Received a gift from Okawaru
 43054 | D:10     | Identified the +5 scale mail of the Eternal Void {rF- rC+
                  | Dex+4 Stlth+} (You found it on level 10 of the Dungeon)
 43220 | Crypt:1  | Entered Level 1 of the Crypt
 43454 | Crypt:1  | Identified the ring "Myif" {+Fly rElec}
 43456 | Crypt:1  | Identified the +3 ring mail "Bamaergh" {Str+2}
 43983 | Crypt:1  | Received a gift from Okawaru
 43990 | Crypt:1  | Noticed Donald
 44006 | Crypt:1  | Killed Donald
 44170 | Crypt:2  | Entered Level 2 of the Crypt
 44313 | Crypt:2  | Noticed Frederick
 44343 | Crypt:2  | Killed Frederick
 44343 | Crypt:2  | Received a gift from Okawaru
 44700 | Crypt:2  | Reached XP level 22. HP: 202/202 MP: 33/33
 44753 | Crypt:2  | Received a gift from Okawaru
 44855 | Crypt:2  | Found a staircase to the Tomb.
 44966 | Crypt:2  | Received a gift from Okawaru
 44995 | Crypt:2  | Found a runed translucent door.
 44996 | Crypt:2  | Noticed kuniqs's ghost (adept DsCj)
 45057 | Crypt:2  | Noticed a curse toe
 45097 | Crypt:2  | Killed a curse toe
 45231 | Crypt:2  | Noticed Xtahua
 45314 | Crypt:2  | Was placed under penance by Okawaru
 45314 | Crypt:2  | Killed Xtahua
 45485 | Crypt:2  | Identified the Collected Works on the Twisted Volcanoes
 46063 | Depths:1 | Entered Level 1 of the Depths
 46237 | Depths:1 | Was forgiven by Okawaru
 46285 | Depths:1 | Found a gateway to Hell.
 46393 | Depths:1 | Found Xaily's Distillery.
 46401 | Depths:1 | Bought a potion of might for 92 gold pieces
 46401 | Depths:1 | Bought a potion of ambrosia for 92 gold pieces
 46401 | Depths:1 | Bought a potion of heal wounds for 115 gold pieces
 46401 | Depths:1 | Bought a potion of invisibility for 184 gold pieces
 46401 | Depths:1 | Bought a potion of heal wounds for 115 gold pieces
 46401 | Depths:1 | Bought a potion of cancellation for 115 gold pieces
 46455 | Depths:1 | Identified the +1 trident "Tofraj" {venom, +Blink rElec rC-
                  | Int+3} (Okawaru gifted it to you on level 1 of the Depths)
 46455 | Depths:1 | Received a gift from Okawaru
 47049 | Depths:2 | Identified the cursed +1 robe "Kumom" {Regen+ Int-2 Slay+3
                  | Stlth+}
 47391 | Depths:2 | Identified Egoenoaz's Reference Book on Dark Rites and
                  | Calling
 47614 | Depths:2 | Received a gift from Okawaru
 48163 | Depths:3 | Found Mockuona's General Store.
 48281 | Depths:3 | Found a one-way gate leading to the halls of Pandemonium.
 48402 | Depths:3 | Received a gift from Okawaru
 48706 | Depths:3 | Reached skill level 15 in Invocations
 48718 | Depths:3 | Paralysed by a floating eye for 3 turns
 48939 | Depths:3 | Found Firussaq's Jewellery Boutique.
 48939 | Depths:3 | Found Plog's Gadget Emporium.
 48966 | Depths:3 | Found Myoffev's Gadget Emporium.
 48975 | Depths:3 | Bought a wand of acid (4) for 160 gold pieces
 49189 | Depths:3 | Identified the +2 hat of a bazaar {rPois rF+++ Str-3
                  | Slay-6} (Okawaru gifted it to you on level 3 of the Depths)
 49189 | Depths:3 | Received a gift from Okawaru
 49189 | Depths:3 | Noticed a caustic shrike
 49202 | Depths:3 | Killed a caustic shrike
 49203 | Depths:3 | Reached XP level 23. HP: 215/215 MP: 27/34
 49446 | Depths:3 | Noticed a golden dragon
 49469 | Depths:3 | Killed a golden dragon
 49470 | Depths:3 | Reached skill level 16 in Evocations
 50058 | Depths:3 | Identified the amulet of the Lily {Gourm rElec Str+6}
 50083 | Depths:3 | Reached skill level 17 in Evocations
 50124 | Depths:3 | Identified the +1 scale mail "Syem" {rF+ rCorr}
 50202 | Depths:3 | Identified the cursed ring of Dathax {rPois rF- rC+ rN+
                  | Dex+2}
 50208 | Depths:3 | Noticed a Killer Klown
 50439 | Depths:3 | Identified the cursed +1 leather armour of Uzauraom {rElec
                  | rCorr}
 50445 | Depths:3 | Identified the +0 cloak of Shielding {MR+} (Okawaru gifted
                  | it to you on level 3 of the Depths)
 50445 | Depths:3 | Received a gift from Okawaru
 50472 | Depths:3 | Killed a Killer Klown
 52138 | Depths:4 | Reached skill level 18 in Evocations
 52483 | Depths:4 | Noticed a caustic shrike
 52488 | Depths:4 | Found a gateway to a ziggurat.
 52709 | Depths:4 | Noticed a Killer Klown
 52711 | Depths:4 | Killed a caustic shrike
 52721 | Depths:4 | Killed a Killer Klown
 52741 | Depths:4 | Reached skill level 19 in Evocations
 52857 | Depths:4 | Noticed a Killer Klown
 52859 | Depths:4 | Received a gift from Okawaru
 52879 | Depths:4 | Killed a Killer Klown
 52916 | Depths:4 | Found a one-way gate to the infinite horrors of the Abyss.
 52969 | Depths:4 | Reached XP level 24. HP: 181/224 MP: 36/36
 53399 | Depths:4 | Received a gift from Okawaru
 53609 | Depths:5 | Entered Level 5 of the Depths
 53670 | Depths:5 | Reached skill level 20 in Evocations
 53680 | Depths:5 | Identified the +1 robe of Hacza {rN+++}
 54224 | Depths:5 | Noticed a golden dragon
 54236 | Depths:5 | Killed a golden dragon
 55623 | Depths:5 | Noticed Boris
 55629 | Depths:5 | Killed Boris
 55630 | Depths:5 | Reached skill level 21 in Evocations
 55905 | Depths:5 | Found a gate to the Realm of Zot.
 56075 | D:12     | Bought a wand of iceblast (5) for 126 gold pieces
 56075 | D:12     | Bought a box of beasts for 280 gold pieces
 56075 | D:12     | Bought a wand of acid (9) for 280 gold pieces
 56075 | D:12     | Bought a box of beasts for 280 gold pieces
 56075 | D:12     | Bought a phantom mirror for 280 gold pieces
 56205 | Slime:1  | Entered Level 1 of the Pits of Slime
 57557 | Slime:2  | Received a gift from Okawaru
 58493 | Slime:3  | Received a gift from Okawaru
 58662 | Slime:3  | Reached skill level 22 in Evocations
 59924 | Slime:5  | Entered Level 5 of the Pits of Slime
 60173 | Slime:5  | Reached XP level 25. HP: 226/231 MP: 38/38
 60175 | Slime:5  | Received a gift from Okawaru
 60845 | Slime:5  | Noticed the Royal Jelly
 60932 | Slime:5  | Killed the Royal Jelly
 61232 | Slime:5  | Found the +8 orange crystal plate armour {Archmagi, Int+3
                  | Clar}
 61244 | Slime:5  | Identified the +4 trident of Faozu {holy, Dex+6}
 61267 | Slime:5  | Identified the +8 hand axe "Vuilloy" {chop, rElec rF+}
 61308 | Slime:5  | Identified the Reference Book on Captivating Aid
 61311 | Slime:5  | Got a slimy rune of Zot
 61332 | Slime:5  | Identified the +1 mace of Safetyas {freeze, Int+3 Dex+4}
 61823 | Zot:1    | Entered Level 1 of the Realm of Zot
 61883 | Zot:2    | Reached skill level 23 in Evocations
 62570 | Zot:5    | Entered Level 5 of the Realm of Zot
 62775 | Zot:5    | Noticed a golden dragon
 62795 | Zot:5    | Killed a golden dragon
 62835 | Zot:5    | Noticed an ancient lich
 62992 | Zot:5    | Killed an ancient lich
 62992 | Zot:5    | Received a gift from Okawaru
 63486 | Zot:5    | Received a gift from Okawaru
 63778 | Zot:5    | Noticed an orb of fire
 63783 | Zot:5    | Gained mutation: You are frail. (-10% HP) [an orb of fire]
 63790 | Zot:5    | Gained mutation: Potions are less effective at restoring
                  | your health. [an orb of fire]
 63804 | Zot:5    | Killed an orb of fire
 63804 | Zot:5    | Received a gift from Okawaru
 63820 | Zot:5    | Noticed an orb of fire
 63829 | Zot:5    | Killed an orb of fire
 63830 | Zot:5    | Reached XP level 26. HP: 215/215 MP: 38/38
 63833 | Zot:5    | Noticed an orb of fire
 63839 | Zot:5    | Gained mutation: Your spells are a little easier to cast,
                  | but a little less powerful. [an orb of fire]
 63848 | Zot:5    | Noticed an ancient lich
 63853 | Zot:5    | Killed an orb of fire
 63853 | Zot:5    | Identified the +0 hat "Jeleppyo" {-Cast rPois rCorr Dex+2}
                  | (Okawaru gifted it to you on level 5 of the Realm of Zot)
 63853 | Zot:5    | Received a gift from Okawaru
 63861 | Zot:5    | Killed an ancient lich
 63969 | Zot:5    | Noticed an orb of fire
 63969 | Zot:5    | Noticed a Killer Klown
 63979 | Zot:5    | Killed an orb of fire
 63981 | Zot:5    | Killed a Killer Klown
 64000 | Zot:5    | Noticed a Killer Klown
 64007 | Zot:5    | Noticed an orb of fire
 64012 | Zot:5    | Killed a Killer Klown
 64013 | Zot:5    | Gained mutation: Your spells are easier to cast, but less
                  | powerful. [an orb of fire]
 64036 | Zot:5    | Killed an orb of fire
 64273 | Zot:5    | Received a gift from Okawaru
 64303 | Zot:5    | Noticed an orb of fire
 64307 | Zot:5    | Gained mutation: You occasionally shout uncontrollably at
                  | your foes. [an orb of fire]
 64308 | Zot:5    | Noticed an orb of fire
 64308 | Zot:5    | Gained mutation: You sometimes yell uncontrollably at your
                  | foes. [an orb of fire]
 64309 | Zot:5    | Gained mutation: Potions are poor at restoring your health.
                  | [an orb of fire]
 64316 | Zot:5    | Killed an orb of fire
 64316 | Zot:5    | Received a gift from Okawaru
 64316 | Zot:5    | Gained mutation: Your magical capacity is low. (-10% MP)
                  | [an orb of fire]
 64320 | Zot:5    | Killed an orb of fire
 64320 | Zot:5    | Received a gift from Okawaru
 64341 | Zot:5    | Received a gift from Okawaru
 64474 | Zot:5    | Noticed a golden dragon
 64482 | Zot:5    | Killed a golden dragon
 64484 | Zot:5    | Noticed an orb of fire
 64487 | Zot:5    | Gained mutation: Scrolls take you a little longer to read.
                  | [an orb of fire]
 64488 | Zot:5    | Gained mutation: Your body sometimes deteriorates upon
                  | taking damage. [an orb of fire]
 64501 | Zot:5    | Killed an orb of fire
 64501 | Zot:5    | Received a gift from Okawaru
 64543 | Zot:5    | Noticed an orb of fire
 64554 | Zot:5    | Gained mutation: You are dopey. (Int -2) [an orb of fire]
 64557 | Zot:5    | Killed an orb of fire
 64557 | Zot:5    | Identified the +2 cloak of Qekal {*Corrode Str+5 Slay+2
                  | Stlth+} (Okawaru gifted it to you on level 5 of the Realm
                  | of Zot)
 64557 | Zot:5    | Received a gift from Okawaru
 64892 | Zot:5    | Lost mutation: You are dopey. (Int -2) [potion of mutation]
 64892 | Zot:5    | Lost mutation: Your body sometimes deteriorates upon taking
                  | damage. [potion of mutation]
 64892 | Zot:5    | Lost mutation: You are frail. (-10% HP) [potion of
                  | mutation]
 64892 | Zot:5    | Gained mutation: You have a pair of small horns on your
                  | head. [potion of mutation]
 64893 | Zot:5    | Lost mutation: Your magical capacity is low. (-10% MP)
                  | [potion of mutation]
 64893 | Zot:5    | Lost mutation: Potions are poor at restoring your health.
                  | [potion of mutation]
 64893 | Zot:5    | Lost mutation: You have a pair of small horns on your head.
                  | [potion of mutation]
 64893 | Zot:5    | Lost mutation: You sometimes yell uncontrollably at your
                  | foes. [potion of mutation]
 64893 | Zot:5    | Gained mutation: Your flesh is cold resistant. (rC+)
                  | [potion of mutation]
 64894 | Zot:5    | Lost mutation: Your spells are easier to cast, but less
                  | powerful. [potion of mutation]
 64894 | Zot:5    | Lost mutation: You occasionally shout uncontrollably at
                  | your foes. [potion of mutation]
 64894 | Zot:5    | Lost mutation: Your spells are a little easier to cast, but
                  | a little less powerful. [potion of mutation]
 64894 | Zot:5    | Lost mutation: Scrolls take you a little longer to read.
                  | [potion of mutation]
 64894 | Zot:5    | Gained mutation: You have a pair of small antennae on your
                  | head. [potion of mutation]
 64918 | Zot:5    | Got the Orb of Zot
 64945 | Zot:5    | Reached XP level 27. HP: 246/246 MP: 38/38
 64992 | Zot:4    | Noticed Fiama the pandemonium lord
 65091 | Depths:5 | Noticed Cayschio the pandemonium lord
 65091 | Depths:5 | Noticed an ancient lich
 65238 | Depths:1 | Noticed Ewkischu the pandemonium lord
 65238 | Depths:1 | Noticed an ancient lich
 65249 | Depths:1 | Paralysed by a floating eye for 4 turns
 65617 | D:$      | Escaped with the Orb!

Skill      XL: |  1  2  3  4  5  6  7  8  9 10 11 12 13 14 15 16 17 18 19 20 21 22 23 24 25 26 |
---------------+-------------------------------------------------------------------------------+-----
Stealth        | 1 |  1.0
Long Blades    | 3 4 5 6 7 8 10 12 14 | 14.0
Fighting       | 4 5 6 8 10 11 13 15 18 20 | 20.0
Dodging        | 3 4 7 10 | 10.0
Shields        | 4 8 12 16 20 | 20.0
Evocations     | 2 4 7 9 10 14 15 19 22 23 | 23.0
Invocations    | 4 6 8 9 10 12 15 | 15.0
Throwing       | 1 2 |  2.0
Slings         | 8 12 15 16 19 22 | 22.5

Action                   |  1- 3 |  4- 6 |  7- 9 | 10-12 | 13-15 | 16-18 | 19-21 | 22-24 | 25-27 || total
-------------------------+-------+-------+-------+-------+-------+-------+-------+-------+-------++-------
Melee: Long sword        |   118 |       |       |       |       |       |       |       |       ||   118
       Tailslap          |     8 |    20 |    53 |   128 |    53 |     1 |     8 |    10 |       ||   281
       Scimitar          |       |   151 |   409 |   333 |   260 |    10 |    94 |    64 |       ||  1321
       Dagger            |       |       |     8 |       |       |       |       |       |       ||     8
       Falchion          |       |       |       |   420 |       |       |       |       |       ||   420
       Fustibalus        |       |       |       |       |     1 |       |     1 |       |       ||     2
 Fire: Blowgun           |       |     5 |       |    20 |       |       |       |       |       ||    25
       Fustibalus        |       |       |       |    97 |  1286 |  1342 |  1535 |  1930 |   635 ||  6825
       Hunting sling     |       |       |       |       |       |    37 |       |       |       ||    37
Throw: Stone             |     4 |     5 |    16 |    12 |       |       |       |       |       ||    37
       Tomahawk          |       |       |       |    11 |    13 |       |       |       |       ||    24
Invok: Heroism           |       |       |     1 |     6 |     5 |    19 |    17 |     9 |    12 ||    69
       Finesse           |       |       |       |       |     1 |     9 |    13 |     6 |    10 ||    39
 Abil: Breathe Noxious F |       |       |    23 |    28 |    42 |    31 |    48 |    24 |     9 ||   205
       Stop Flying       |       |       |       |       |       |     2 |       |       |       ||     2
       Evoke Flight      |       |       |       |       |       |     2 |       |       |       ||     2
       Evoke Invisibilit |       |       |       |       |       |       |     2 |       |       ||     2
Evoke: Wand              |       |       |       |       |     4 |    20 |    24 |    37 |    71 ||   156
       Phial of floods   |       |       |       |       |     1 |       |     1 |     1 |     3 ||     6
       Phantom mirror    |       |       |       |       |       |       |     1 |     1 |     1 ||     3
       Lightning rod     |       |       |       |       |       |       |       |     9 |       ||     9
       Fan of gales      |       |       |       |       |       |       |       |     1 |     1 ||     2
       Box of beasts     |       |       |       |       |       |       |       |       |     9 ||     9
       Sack of spiders   |       |       |       |       |       |       |       |       |     1 ||     1
  Use: Scroll            |     3 |     2 |     4 |     9 |    12 |     5 |     3 |    16 |    12 ||    66
       Potion            |       |     5 |     1 |       |       |     1 |       |     1 |    19 ||    27
 Stab: Confused          |       |       |    10 |    22 |     1 |       |     5 |     8 |       ||    46
       Sleeping          |       |       |     1 |     8 |     1 |       |       |       |       ||    10
       Petrified         |       |       |       |     2 |       |       |       |       |       ||     2
  Eat: Chunk             |     5 |     3 |    25 |    36 |    67 |    39 |    26 |    15 |       ||   216
       Ration            |       |     2 |     1 |     2 |     2 |     6 |    14 |    21 |    10 ||    58
Armor: Skin              |    35 |    64 |    70 |   118 |    74 |    72 |    59 |    76 |    16 ||   584
Dodge: Dodged            |    69 |   102 |   103 |    79 |   105 |   117 |   125 |   146 |    37 ||   883
       Deflected         |       |       |       |       |       |       |    17 |    15 |       ||    32
Block: Other             |     1 |     4 |       |       |       |       |       |       |       ||     5
       Medium shield     |       |       |   260 |   553 |   399 |   407 |   411 |       |       ||  2030
       Reflection        |       |       |     2 |     7 |    41 |   118 |    43 |    31 |     5 ||   247
       Buckler           |       |       |       |       |       |       |    54 |   152 |       ||   206
       Large shield      |       |       |       |       |       |       |       |   461 |   199 ||   660
